 Dungeon Crawl Stone Soup version 0.29.1-13-g9f3cf754e1 (webtiles) character file.

Game seed: 14427471345440188466

30503 Peloso the Carver (level 13, -2/118 HPs)
             Began as a Minotaur Fighter on Jan 25, 2023.
             Was a High Priest of Okawaru.
             Constricted to death by Jorgrun (6 damage)
             ... on level 2 of the Orcish Mines.
             The game lasted 00:33:11 (18596 turns).

Peloso the Carver (Minotaur Fighter)               Turns: 18596, Time: 00:33:12

Health: -2/118     AC: 26    Str: 29    XL:     13   Next: 20%
Magic:  12/13      EV:  8    Int:  5    God:    Okawaru [*****.]
Gold:   903        SH: 22    Dex: 18    Spells: 12/12 levels left

rFire   x . .      SeeInvis .   c - +4 demon blade of Fimeimeh {drain, *Rage rF- rN+ Will++}
rCold   . . .      Faith    .   d - +0 tower shield
rNeg    + . .      Spirit   .   s - +0 plate armour of the Everdark {rPois Dex+5}
rPois   +          Reflect  .   (helmet restricted)
rElec   .          Harm     .   k - +0 cloak
rCorr   .          Rampage  .   o - +0 pair of gloves
Will    ++...      Rage     20% (no boots)
Stlth   ..........              (no amulet)
HPRegen 0.29/turn               u - +4 ring of protection
MPRegen 0.13/turn               M - +6 ring of strength

@: heroic, grasped by roots, constricted
A: horns 2, retaliatory headbutt
a: Renounce Religion, Heroism, Finesse, Duel


You were on level 2 of the Orcish Mines.
You worshipped Okawaru.
Okawaru was extremely pleased with you.
You visited 4 branches of the dungeon, and saw 18 of its levels.

You collected 903 gold pieces.

Inventory:

Hand Weapons
 a - a +1 scimitar of flaming
 b - a +3 long sword of freezing
 c - the +4 demon blade of Fimeimeh (weapon) {drain, *Rage rF- rN+ Will++}
   (Okawaru gifted it to you on level 3 of the Lair of Beasts)

   A truly terrible weapon, it drains the life of any living foe it strikes.
   rF:        It makes you vulnerable to fire.
   rN:        It protects you from negative energy.
   *Rage:     It berserks you when you make melee attacks (+20% chance).
   Will:      It greatly increases your willpower.
 S - a +2 hand crossbow of flaming
Missiles
 A - a throwing net (quivered)
Armour
 d - a +0 tower shield (worn)
 k - a +0 cloak (worn)
 o - a +0 pair of gloves (worn)
 s - the +0 plate armour of the Everdark (worn) {rPois Dex+5}
   (You found it on level 4 of the Dungeon)

   Dex:       It affects your dexterity (+5).
   rPois:     It protects you from poison.
 w - a +1 scale mail of cold resistance
Jewellery
 j - a +6 ring of dexterity
 n - an amulet of the acrobat
 u - a +4 ring of protection (left hand)
 x - a +6 ring of intelligence
 F - a ring of protection from cold
 H - a ring of flight
 M - a +6 ring of strength (right hand)
 Q - a ring of positive energy
 R - a +4 ring of evasion
 Z - a ring of protection from fire
Wands
 B - a wand of polymorph (13)
 G - a wand of iceblast (9)
 I - a wand of light (7)
 N - a wand of flame (29)
Scrolls
 h - 2 scrolls of amnesia
 i - 2 scrolls of fear
 l - 6 scrolls of magic mapping
 m - 2 scrolls of immolation
 p - 2 scrolls of teleportation
 E - a scroll of noise
 J - a scroll of enchant armour
 K - 3 scrolls of poison {unknown}
 L - 2 scrolls of brand weapon {unknown}
 T - a scroll of silence {unknown}
 U - a scroll of fog
 V - a scroll of enchant weapon {unknown}
 X - a scroll of blinking {unknown}
 Y - a scroll of acquirement {unknown}
Potions
 e - 4 potions of invisibility
 f - 7 potions of brilliance
 g - 2 potions of might
 q - 9 potions of curing
 r - 3 potions of cancellation
 t - a potion of berserk rage
 v - 5 potions of heal wounds
 z - 7 potions of flight
 D - a potion of magic
 O - a potion of mutation
 P - 2 potions of lignification {unknown}
 W - 2 potions of haste {unknown}


   Skills:
 + Level 12.2(17.2) Fighting
 + Level 14.8(19.8) Long Blades
 + Level 13.4(18.4) Armour
 + Level 3.2(8.2) Dodging
 + Level 0.9(5.9) Stealth
 + Level 14.2(19.2) Shields
 + Level 2.5 Invocations


You had 12 spell levels left.
You didn't know any spells.
Your spell library contained the following spells:

 Spells                   Type           Power      Damage    Failure   Level
 Apportation              Tloc           0%         N/A       99%         1
 Sting                    Tmut/Pois      0%         1d3       99%         1
 Poisonous Vapours        Pois/Air       0%         N/A       100%        2
 Static Discharge         Conj/Air       0%         3-3/arc   100%        2
 Olgreb's Toxic Radiance  Pois           0%         N/A       100%        4
 Alistair's Intoxication  Tmut/Pois      0%         N/A       100%        5
 Lightning Bolt           Conj/Air       0%         1d11      100%        5
 Maxwell's Capacitive Co  Air            0%         ∞         100%        8


Dungeon Overview and Level Annotations

Branches:
Dungeon (12/15)            Temple (1/1) D:6            Lair (3/5) D:8
 Shoals (0/4) Lair:3       Spider (0/4) Lair:3          Orc (2/2) D:9
    Elf: Orc:2

Altars:
Ashenzari
Cheibriados
Dithmenos
Elyvilon
Gozag
Hepliaklqana
Kikubaaqudgha
Nemelex Xobeh
Okawaru
Qazlal
Ru
Sif Muna
Trog
Uskayaw
Vehumet
Wu Jian
Xom
Yredelemnul
Zin
The Shining One

Shops:
D:8 :

Annotations:
D:2 1 runed translucent door, Crazy Yiuf
Orc:2 Jorgrun


Innate Abilities, Weirdness & Mutations

You have a pair of horns on your head.
You reflexively headbutt those who attack you in melee.


Message History

The warg is almost dead.
Jorgrun points at you and mumbles some strange words.
The iron shot hits you!! The warg bites you but does no damage.
Unknown command.
You slash the warg!
You kill the warg!
Okawaru accepts your kill.
You slash the orc priest!
You kill the orc priest!
Okawaru accepts your kill.
Jorgrun points at you and mumbles some strange words.
You resist with almost no effort.
You hit the orc knight. You drain the orc knight.
The orc knight is lightly wounded.
Unknown command.
You slash the orc knight! You drain the orc knight.
The orc knight is moderately wounded.
You block the orc knight's attack.
Jorgrun points at you and mumbles some strange words.
Roots burst forth from the earth!
The grasping roots grab you! The grasping roots constrict you!
As you read the scroll of fear, it crumbles to dust.
You assume a fearsome visage.
Jorgrun easily resists.
The orc knight looks frightened!
Jorgrun says, "Yer just na down-ta-earth enough."
The grasping roots constrict you!
* * * LOW HITPOINT WARNING * * *
You escape the roots grasp.
Items here: )) [ †.
Some rock shatters into small pieces.
Jorgrun points at you and mumbles some strange words.
The iron shot hits you!!
* * * LOW HITPOINT WARNING * * *
The orc knight gives up.
Jorgrun gestures at you while chanting.
Roots burst forth from the earth!
The grasping roots grab you! The grasping roots constrict you.
You die...

####...........### #
##.##...........#.###
##..[[[..........#.#..
#..<[[.)...##........#
###.........##........#
##........#####.........
#.........# ##........
#.........## ##........
##.....@...####.........
###.........#........##
#........o.........#
####)#...........###
#).#..........#.#
##g#..........###
##.........###
#.......## ........#


You could see Jorgrun and an orc knight (fleeing, drained).

Vanquished Creatures
  5 hydras
  2 two-headed ogres (D:9)
  Erica (D:8)
  A centaur warrior (D:10)
  A tengu warrior (D:11)
  A death yak (Lair:3)
  Urug (Lair:2)
  An orb spider (Lair:3)
  2 orc knights
  An oklob plant (Lair:1)
  5 cane toads
  A gargoyle (D:11)
  7 komodo dragons
  3 kobold demonologists
  3 trolls (D:9)
  7 polar bears
  Grinder (D:6)
  7 blink frogs (Lair:3)
  Prince Ribbit (D:6)
  2 vampires
  Eustachio (D:5)
  32 yaks
  Grum (D:8)
  A steam dragon (D:7)
  8 vampire mosquitoes
  2 wargs (Orc:2)
  8 water moccasins
  12 orc warriors
  A sky beast (D:7)
  A black bear (D:5)
  7 wolves
  6 centaurs
  A phantom (D:4)
  2 kobold brigands
  5 bullfrogs
  2 gnoll sergeants
  2 scorpions
  2 necrophages
  11 wights
  12 killer bees
  5 howler monkeys
  2 jellies
  5 hounds
  A gnoll bouda (D:8)
  11 orc priests
  Ijyb (D:4)
  Natasha (thrice) (D:4)
  6 iguanas
  11 orc wizards
  Terence (D:2)
  Robin (D:2)
  19 gnolls
  7 adders
  2 shadow imps
  4 white imps
  An ufetubus (D:3)
  A worm (D:3)
  3 dart slugs
  63 orcs
  7 ball pythons
  3 endoplasms (D:1)
  3 giant cockroaches
  15 goblins
  14 hobgoblins
  12 kobolds
  6 quokkas
  8 bats
  5 frilled lizards
  A goblin skeleton (D:5)
  A goblin zombie (D:5)
  3 hobgoblin zombies (D:5)
  A kobold skeleton (D:5)
  A kobold zombie (D:5)
  An orc skeleton (D:5)
  An orc zombie (D:5)
  5 rats
  A bush (Lair:3)
405 creatures vanquished.

Vanquished Creatures (others)
  Maggie (D:8)
  11 fungi
  31 plants
43 creatures vanquished.

Grand Total: 448 creatures vanquished

Notes
Turn   | Place    | Note
-------+----------+-------------------------------------------
     0 | D:1      | Peloso the Minotaur Fighter began the quest for the Orb.
     0 | D:1      | Reached XP level 1. HP: 19/19 MP: 0/0
   257 | D:1      | Reached XP level 2. HP: 27/27 MP: 1/1
   421 | D:1      | Found a faded altar of an unknown god.
   713 | D:1      | Reached XP level 3. HP: 33/33 MP: 2/2
   865 | D:2      | Noticed Robin
   931 | D:2      | Killed Robin
  1221 | D:2      | Reached XP level 4. HP: 41/41 MP: 3/3
  1504 | D:2      | Noticed Terence
  1513 | D:2      | Killed Terence
  1726 | D:2      | Found a runed translucent door.
  1727 | D:2      | Noticed Crazy Yiuf
  2058 | D:3      | Reached XP level 5. HP: 47/47 MP: 4/4
  2261 | D:3      | Found a basalt altar of Yredelemnul.
  2325 | D:3      | Reached skill level 5 in Shields
  2553 | D:4      | Noticed a phantom
  2560 | D:4      | Killed a phantom
  2561 | D:4      | Reached skill level 5 in Armour
  2561 | D:4      | Reached skill level 1 in Dodging
  2561 | D:4      | Reached XP level 6. HP: 52/55 MP: 5/5
  2715 | D:4      | Noticed Natasha
  2720 | D:4      | Killed Natasha
  2721 | D:4      | Reached skill level 5 in Fighting
  2740 | D:4      | Reached skill level 5 in Long Blades
  2742 | D:4      | Noticed Natasha
  2751 | D:4      | Killed Natasha
  2752 | D:4      | Noticed Ijyb
  2776 | D:4      | Killed Ijyb
  2898 | D:4      | Identified the +0 plate armour of the Everdark {rPois
                  | Dex+5}
  2968 | D:4      | Reached XP level 7. HP: 61/61 MP: 6/6
  3041 | D:4      | Noticed Natasha
  3049 | D:4      | Killed Natasha
  3625 | D:5      | Entered Level 5 of the Dungeon
  3709 | D:5      | Noticed Eustachio
  3746 | D:5      | Killed Eustachio
  3747 | D:5      | Reached XP level 8. HP: 62/70 MP: 7/7
  3804 | D:5      | Found a glowing golden altar of the Shining One.
  3917 | D:5      | Found a radiant altar of Vehumet.
  4249 | D:6      | Found a staircase to the Ecumenical Temple.
  4258 | Temple   | Entered the Ecumenical Temple
  4318 | Temple   | Became a worshipper of Warmaster Okawaru
  4525 | D:6      | Noticed Prince Ribbit
  4540 | D:6      | Killed Prince Ribbit
  4540 | D:6      | Reached * piety under Okawaru
  4544 | D:6      | Noticed Grinder
  4552 | D:6      | Killed Grinder
  4553 | D:6      | Reached XP level 9. HP: 16/78 MP: 5/8
  6422 | D:7      | Reached ** piety under Okawaru
  7344 | D:8      | Noticed Grum
  7386 | D:7      | Reached skill level 10 in Long Blades
  7628 | D:8      | Killed Grum
  7628 | D:8      | Noticed Maggie
  7635 | D:8      | Noticed Erica
  7648 | D:8      | Killed Maggie
  7670 | D:8      | Killed Erica
  7671 | D:8      | Reached skill level 10 in Armour
  7671 | D:8      | Reached XP level 10. HP: 20/88 MP: 7/9
  7684 | D:8      | HP: 2/88 [orc priest/divine providence (11)]
  8140 | D:8      | Reached skill level 1 in Invocations
  8393 | D:8      | Found a staircase to the Lair.
  8460 | D:8      | Found a bloodstained altar of Trog.
  8702 | D:8      | Found Ysel's Tremendous Tomes.
  8987 | D:9      | Reached *** piety under Okawaru
  9362 | D:9      | Found a staircase to the Orcish Mines.
  9490 | D:9      | Noticed a two-headed ogre
  9501 | D:9      | Killed a two-headed ogre
  9501 | D:9      | Reached **** piety under Okawaru
  9825 | D:9      | Found a glowing silver altar of Zin.
  9826 | D:9      | Noticed a two-headed ogre
  9920 | D:9      | Noticed a six-headed hydra
  9941 | D:9      | Killed a two-headed hydra
 10065 | D:9      | Reached XP level 11. HP: 59/95 MP: 10/10
 10321 | D:9      | Found an opulent altar of Gozag.
 10321 | D:9      | Found a white marble altar of Elyvilon.
 10325 | D:9      | Found a hide-covered altar of Uskayaw.
 10325 | D:9      | Found a sparkling altar of Nemelex Xobeh.
 10386 | D:9      | Killed a two-headed ogre
 10387 | D:9      | Reached skill level 10 in Shields
 10925 | D:10     | Entered Level 10 of the Dungeon
 10927 | D:10     | Noticed a sixfirhy
 11541 | D:10     | Noticed a centaur warrior
 11554 | D:10     | Killed a centaur warrior
 11554 | D:10     | Reached ***** piety under Okawaru
 12524 | D:11     | Noticed a seven-headed hydra
 12539 | D:11     | Killed a three-headed hydra
 12752 | D:11     | Received a gift from Okawaru
 13079 | D:11     | Noticed a tengu warrior
 13102 | D:11     | Killed a tengu warrior
 13358 | Lair:1   | Entered Level 1 of the Lair of Beasts
 13386 | Lair:1   | Reached XP level 12. HP: 94/106 MP: 12/12
 13388 | Lair:1   | Reached skill level 10 in Fighting
 14814 | Lair:2   | Noticed Urug
 14828 | Lair:2   | Killed Urug
 16445 | Lair:3   | Noticed a six-headed hydra
 16454 | Lair:3   | Killed a one-headed hydra
 16454 | Lair:3   | Identified the +4 demon blade of Fimeimeh {drain, *Rage rF-
                  | rN+ Will++} (Okawaru gifted it to you on level 3 of the
                  | Lair of Beasts)
 16454 | Lair:3   | Received a gift from Okawaru
 16567 | Lair:3   | Found a staircase to the Shoals.
 16575 | Lair:3   | Noticed a five-headed hydra
 16585 | Lair:3   | Killed a one-headed hydra
 17102 | Lair:3   | Noticed a death yak
 17114 | Lair:3   | Noticed a death yak
 17115 | Lair:3   | Noticed a death yak
 17116 | Lair:3   | Noticed a death yak
 17117 | Lair:3   | Noticed a death yak
 17117 | Lair:3   | Noticed a death yak
 17124 | Lair:3   | Killed a death yak
 17125 | Lair:3   | Reached XP level 13. HP: 117/117 MP: 13/13
 17453 | Lair:3   | Found a hole to the Spider Nest.
 18054 | Orc:1    | Entered Level 1 of the Orcish Mines
 18094 | Orc:1    | Reached ****** piety under Okawaru
 18094 | Orc:1    | Received a gift from Okawaru
 18237 | Orc:2    | Entered Level 2 of the Orcish Mines
 18576 | Orc:2    | Noticed Jorgrun
 18595 | Orc:2    | HP: 4/118 [Jorgrun/iron shot (21)]
 18596 | Orc:2    | Constricted to death by Jorgrun

Illustrated notes

Levels and vault maps discovered:
D:1:      lemuel_arrival_cross, layout_basic,
          shapermc_ecumenical_altar_mp_ritualfount
D:2:      layout_loops_ring, uniq_terence, uniq_robin, uniq_crazy_yiuf_cottage
D:3:      layout_basic, mainiacjoe_overflow_concentric_impassable
D:4:      layout_loops_ring, roderic_lattice_a, uniq_natasha, uniq_ijyb
D:5:      layout_rooms, nicolae_tso_besieged_by_evil, lemuel_crystal_altar,
          minmay_statues_item, uniq_eustachio
D:6:      layout_basic, minmay_temple_entry_statues_pillars,
          uniq_prince_ribbit1, uniq_grinder
D:7:      layout_layer_cave
D:8:      layout_basic, bloody_trog, lair_entry_dummy,
          nicolae_shop_i_like_big_books, grunt_ministairs_14, uniq_maggie,
          uniq_erica, uniq_grum
D:9:      layout_irregular_city, lemuel_tele_altar, grunt_temple_overflow_open,
          hiddenorc2_lemuel
D:10:     layout_roguey, kennysheep_cross_bottleneck
D:11:     layout_rooms
D:12:     layout_loops_ring, serial_shops, nicolae_diamond_shop,
          minmay_misc_feat_pillars, kennysheep_generic_room_11
Temple:   nicolae_temple_bog_church
Lair:1:   dpeg_oklob_gauntlet, layout_regular_city, cheibrodos_lair_lostbears
Lair:2:   layout_layer_cave, serial_bayou_shore_b, uniq_urug
Lair:3:   wad_woods_04, layout_long_grid, minmay_shoals_entry_centaurs,
          nicolae_spider_entry_orb_guardian, lemuel_fruit_fields
Orc:1:    layout_caves
Orc:2:    grunt_orc_tribal_feast, layout_diamond_mine, uniq_jorgrun

Skill      XL: |  1  2  3  4  5  6  7  8  9 10 11 12 13 |
---------------+----------------------------------------+-----
Fighting       | 4 5 6 7 8 9 11 12 | 12.2
Armour         | 4 5 6 7 10 11 12 13 | 13.4
Shields        | 4 5 7 9 12 13 14 | 14.2
Long Blades    | 3 4 5 7 9 10 12 13 14 | 14.8
Dodging        | 1 2 3 |  3.2
Invocations    | 1 2 |  2.5
Stealth        | |  0.9

Action                   |  1- 3 |  4- 6 |  7- 9 | 10-12 | 13-15 || total
-------------------------+-------+-------+-------+-------+-------++-------
Melee: Long sword        |    97 |   126 |   287 |   129 |       ||   639
       Headbutt          |    12 |    17 |    71 |   179 |    32 ||   311
       Scimitar          |       |       |       |   447 |    56 ||   503
       Demon blade       |       |       |       |    90 |    92 ||   182
Invok: Heroism           |       |       |     7 |    14 |     2 ||    23
  Use: Scroll            |     3 |       |    10 |     3 |     4 ||    20
       Potion            |     3 |       |     4 |       |       ||     7
Armor: Scale mail        |    36 |    58 |       |       |       ||    94
       Plate armour      |       |       |   190 |   285 |    17 ||   492
Dodge: Dodged            |    47 |    63 |   125 |   161 |    12 ||   408
Block: Buckler           |    17 |    33 |   116 |    11 |       ||   177
       Tower shield      |       |       |       |   702 |    84 ||   786
